 Dungeon Crawl Stone Soup version bcrawl-1.36.4 (webtiles) character file.

Game seed: 12280499152642207084

276956 Mrkan the Grappler (level 8, -10/68 (71) HPs)
             Began as a Ghoul Monk on July 24, 2022.
             Was a Priest of Okawaru.
             Mangled by an ogre
             ... wielding a +0 giant club
              (28 damage)
             ... on level 5 of the Dungeon.
             The game lasted 00:04:54 (3567 turns).

Mrkan the Grappler (Ghoul Monk)                     Turns: 3567, Time: 00:04:54

HP:   -10/68 (71)   AC:  2    Str: 17    XL:     8   Next: 19%
MP:   0/8           EV: 12    Int:  5    God:    Okawaru [***...]
Gold: 209           SH:  0    Dex: 11    Spells: 7/7 levels left

rFire    . . .     SeeInvis .     - Claws (18.3)
rCold    + . .     Gourm    .   (no shield)
rNeg     + + +     Faith    .   a - +0 robe
rPois    ∞         Spirit   +   b - +0 hat
rElec    .         Reflect  .   (no cloak)
rCorr    .                      (no gloves)
MR       .....                  (no boots)
Stlth    ++........             c - amulet of guardian spirit
HPRegen  0.00/turn              (no ring)
MPRegen  0.11/turn              (no ring)

@: rotting
A: rotting body, claws 1, carnivore, cold resistance 1, negative energy
resistance 3, inhibited regeneration, torment resistance, unbreathing
a: Heroism, Renounce Religion


You were on level 5 of the Dungeon.
You worshipped Okawaru.
Okawaru was most pleased with you.
You were hungry.

You visited 1 branch of the dungeon, and saw 5 of its levels.

You collected 209 gold pieces.

Inventory:

Missiles
 o - 2 throwing nets {=f}
Armour
 a - a +0 robe (worn)
 b - a +0 hat (worn)
 y - a +0 pair of gloves
Jewellery
 c - an amulet of guardian spirit (around neck)
 n - a cursed -2 ring of evasion {unknown}
 r - a cursed -3 ring of evasion {unknown}
Wands
 u - a wand of scattershot (3)
 x - a wand of flame (5)
Scrolls
 d - 2 scrolls of remove curse
 i - 7 scrolls of identify
 j - 5 scrolls of magic mapping {unknown}
 k - 2 scrolls of blinking {unknown}
 l - 2 scrolls of noise {unknown}
 q - 4 scrolls of teleportation {unknown}
 t - 2 scrolls of enchant armour {unknown}
 v - a scroll of enchant weapon {unknown}
 w - 2 scrolls of immolation {unknown}
Potions
 f - 2 potions of brilliance {unknown}
 g - 2 potions of curing {unknown}
 h - a potion of magic {unknown}
 m - a potion of resistance {unknown}
 p - 2 potions of heal wounds {unknown}
 s - a potion of mutation {unknown}
 z - a potion of agility {unknown}
Comestibles
 e - 10 rations {!d}


   Skills:
 + Level 6.6 Fighting
 - Level 2.6 Dodging
 - Level 2.4 Stealth
 * Level 8.9 Unarmed Combat
 - Level 2.1 Invocations


You had 7 spell levels left.
You didn't know any spells.
Your spell library contained the following spells:

 Spells                   Type           Power        Failure   Level  Hunger
 Slow                     Hex            #.......     47%         1    None
 Ensorcelled Hibernation  Hex/Ice        #.....       63%         2    ####...
 Confuse                  Hex            #.......     85%         3    #####..
 Dazzling Orbs            Conj/Hex       #......      85%         3    #####..
 Tukima's Dance           Hex            #.......     85%         3    #####..
 Cause Fear               Hex            #.........   99%         4    ######.


Dungeon Overview and Level Annotations

Branches:
Dungeon (5/12)
 Temple: D:4-7

Altars:
Kikubaaqudgha
Okawaru
Qazlal
Uskayaw
Wu Jian
Zin

Shops:
D:5 *


Innate Abilities, Weirdness & Mutations

Your body is rotting away.
You thrive on raw meat.
You are immune to poison.
You have sharp fingernails.
You are carnivorous and can eat meat at any time.
Your flesh is cold resistant. (rC+)
You are immune to negative energy. (rN+++)
You do not regenerate when monsters are visible.
You are immune to unholy pain and torment.
You can survive without breathing.


Message History

The ice beast is lightly wounded.
The ice beast misses you.
You scratch the ice beast but do no damage.
The ice beast is lightly wounded.
You mangle the ice beast!!
The ice beast is almost dead.
The ice beast closely misses you.
You mangle the ice beast!!
You kill the ice beast!
Okawaru accepts your kill.
An ogre comes into view. It is wielding a +0 giant club.
You see here 3 scrolls labeled FUNAUDOELAN.
j - 5 scrolls labeled FUNAUDOELAN (gained 3)
You feel like a meek peon again.
The ogre shouts!
The ogre misses you.
The ogre hits you with a +0 giant club!!
* * * LOW HITPOINT WARNING * * *
The ogre hits you with a +0 giant club!!
You die...

........# ...##...
.............# #.......
.............# ##.......
.#...........###........
).............##........
.........#..............
........##..............
........##..............
.......@O...............
.........#........##..#.
........#.........# ..##
........#.............#
..........##...#.......
..........##...###....##
.........## ##..#
....##.... ..# ...#
##...


You could see an ogre.

Vanquished Creatures
  Pikel (D:4)
  A sky beast (D:5)
  An ice beast (D:5)
  A bullfrog (D:4)
  A water moccasin skeleton (D:4)
  An orc wizard (D:4)
  A worker ant (D:3)
  A hound skeleton (D:4)
  5 adders
  2 oozes
  3 worms
  3 dart slugs
  7 leopard geckos
  8 orcs
  4 bats
  4 giant cockroaches
  8 hobgoblins
  10 kobolds
  3 quokkas
  4 frilled lizards
  5 goblins
  4 rats
  2 withered plants (D:4)
80 creatures vanquished.

Vanquished Creatures (others)
  A worker ant (D:4)
1 creature vanquished.

Grand Total: 81 creatures vanquished

Notes
Turn   | Place    | Note
-------+----------+-------------------------------------------
     0 | D:1      | Mrkan the Ghoul Monk began the quest for the Orb.
     0 | D:1      | Reached XP level 1. HP: 19/19 MP: 1/1
   183 | D:1      | Reached XP level 2. HP: 20/26 MP: 2/2
   287 | D:1      | Reached skill level 4 in Unarmed Combat
   407 | D:1      | Reached XP level 3. HP: 33/33 MP: 3/3
  1177 | D:2      | HP: 1/31 [worm (10)]
  1180 | D:2      | Reached XP level 4. HP: 2/38 MP: 1/4
  1501 | D:3      | Found an iron altar of Okawaru.
  1612 | D:3      | Became a worshipper of Warmaster Okawaru
  1612 | D:3      | Reached * piety under Okawaru
  1612 | D:3      | Reached ** piety under Okawaru
  1643 | D:3      | Reached skill level 5 in Unarmed Combat
  1907 | D:3      | Reached XP level 5. HP: 44/47 MP: 5/5
  2011 | D:3      | Found a glowing silver altar of Zin.
  2499 | D:4      | Reached skill level 6 in Unarmed Combat
  2572 | D:4      | Noticed a slave
  2572 | D:4      | Noticed a slave
  2572 | D:4      | Noticed Pikel
  2573 | D:4      | Noticed a slave
  2574 | D:4      | Noticed a slave
  2589 | D:4      | Killed Pikel
  2589 | D:4      | Reached *** piety under Okawaru
  2590 | D:4      | Reached skill level 5 in Fighting
  2590 | D:4      | Reached skill level 7 in Unarmed Combat
  2590 | D:4      | Reached XP level 6. HP: 25/57 MP: 4/6
  2590 | D:4      | Reached XP level 7. HP: 28/62 MP: 4/7
  2728 | D:4      | Found an ancient bone altar of Kikubaaqudgha.
  2766 | D:4      | Found a hide-covered altar of Uskayaw.
  2805 | D:4      | Reached skill level 8 in Unarmed Combat
  3168 | D:4      | Found an ornate altar of the Wu Jian Council.
  3299 | D:4      | Found a stormy altar of Qazlal.
  3535 | D:5      | Entered Level 5 of the Dungeon
  3535 | D:5      | Found Haits's Assorted Antiques.
  3549 | D:5      | Reached XP level 8. HP: 35/68 MP: 3/8
  3567 | D:5      | Mangled by an ogre

Skill      XL: |  1  2  3  4  5  6  7 |
---------------+----------------------+-----
Unarmed Combat | 4 5 7 8 |  8.9
Fighting       | 4 5 6 |  6.6
Dodging        | |  2.6
Stealth        | |  2.4
Invocations    | |  2.1

Action                   |  1- 3 |  4- 6 |  7- 9 || total
-------------------------+-------+-------+-------++-------
Melee: Unarmed           |    98 |    94 |    61 ||   253
       Punch             |     2 |     2 |     3 ||     7
Invok: Heroism           |       |       |     1 ||     1
 Stab: Sleeping          |     4 |     4 |       ||     8
       Distracted        |       |     1 |       ||     1
  Eat: Chunk             |     6 |     5 |     3 ||    14
Armor: Robe              |    26 |     8 |     7 ||    41
Dodge: Dodged            |    60 |    33 |    17 ||   110
